 Dungeon Crawl Stone Soup version 0.24-a0-434-gd57e52fea8 (webtiles) character file.

Game seed: 12825415585513379649

149 mhoghedin the Magician (level 5, 5/38 HPs)
             Began as a Draconian Wizard on June 14, 2019.
             Quit the game on level 3 of the Dungeon on June 15, 2019.
             The game lasted 00:06:21 (3182 turns).

mhoghedin the Magician (Draconian Wizard)           Turns: 3182, Time: 00:06:22

Health: 5/38       AC:  5    Str: 14    XL:     5   Next: 9%
Magic:  2/11       EV: 12    Int: 19    God:
Gold:   76         SH:  0    Dex: 10    Spells: 3/13 levels left

rFire    . . .     SeeInvis +   f - +0 spear
rCold    . . .     Gourm    .   (no shield)
rNeg     . . .     Faith    .   (armour unavailable)
rPois    .         Spirit   .   a - +0 hat
rElec    .         Reflect  .   (no cloak)
rCorr    .         Harm     .   (no gloves)
MR       .....                  (no boots)
Stlth    ++........             (no amulet)
HPRegen  0.12/turn              l - ring of see invisible {sInv, !d}
MPRegen  0.12/turn              (no ring)

@: mighty, lethally poisoned (5 -> 0), flying, very slightly contaminated
A: unfitting armour, cold-blooded, AC +5
a: no special abilities


You were on level 3 of the Dungeon.
You were not hungry.

You visited 1 branch of the dungeon, and saw 4 of its levels.

You collected 76 gold pieces.

Inventory:

Hand Weapons
 f - a +0 spear (weapon)
   (You found it on level 1 of the Dungeon)
Armour
 a - a +0 hat (worn)
Jewellery
 l - a ring of see invisible (left hand) {sInv, !d}
   (You found it on level 1 of the Dungeon)
Wands
 d - a wand of polymorph (10)
   (You took it off an orc on level 3 of the Dungeon)
Scrolls
 b - 2 scrolls of enchant armour {unknown}
 e - a scroll of immolation {unknown}
 g - 3 scrolls of identify {unknown}
 h - 4 scrolls of teleportation {unknown}
 n - a scroll of magic mapping {unknown}
 o - 3 scrolls of remove curse
Potions
 i - a potion of might
Comestibles
 c - 5 rations


   Skills:
 - Level 1.7 Dodging
 - Level 1.7 Stealth
 + Level 4.5 Spellcasting
   Level 3.2 Conjurations
 - Level 1.0 Summonings
 - Level 1.0 Translocations


You had 3 spell levels left.
You knew the following spells:

 Your Spells              Type           Power        Failure   Level  Hunger
b - Blink                 Tloc           N/A          13%         2    #......
c - Call Imp              Summ           #.......     13%         2    #......
r - Regeneration          Chrm/Necr      #.........   36%         3    ###....
s - Slow                  Hex            #.......     21%         2    #......
A - Animate Skeleton      Necr           N/A          13%         1    None

Your spell library contained the following spells:

 Spells                   Type           Power        Failure   Level  Hunger
 Magic Dart               Conj           ###.         3%          1    None
 Pain                     Necr           #...         13%         1    None
 Conjure Flame            Conj/Fire      ##......     21%         3    ###....
 Mephitic Cloud           Conj/Pois/Air  #.......     26%         3    ###....
 Vampiric Draining        Necr           #.........   36%         3    ###....
 Animate Dead             Necr           N/A          78%         4    ####...


Dungeon Overview and Level Annotations

Branches:
Dungeon (4/15)
 Temple: D:4-7

Altars:


Innate Abilities, Weirdness & Mutations

Your plain brown scales are hard. (AC +5)
You cannot fit into any form of body armour.
You are cold-blooded and may be slowed by cold attacks.


Message History

The worker ant is no longer moving slowly.
There is a stone staircase leading up here.
The worker ant closely misses you. The worker ant misses you.
You climb upwards.
There is a stone staircase leading down here.
Okay, then.
Unknown command.
A beastly little devil appears in a puff of flame.
The worker ant bites you.
You take 4 damage, and have 15/33 hp.
You now have 3/10 mp.
A beastly little devil appears in a puff of flame.
The worker ant barely misses you.
Your crimson imp hits the worker ant but does no damage.
You now have 1/10 mp.
Your crimson imp hits the worker ant but does no damage.
Your crimson imp completely misses the worker ant.
The worker ant barely misses you.
Your crimson imp blinks!
A beastly little devil appears in a puff of flame.
The worker ant closely misses you.
You now have 0/10 mp.
Your crimson imp hits the worker ant but does no damage.
The worker ant closely misses you.
Your crimson imp blinks!
The worker ant bites you.
You take 1 damage, and have 15/33 hp.
You don't have enough magic to cast that spell.
You hit the worker ant.
The worker ant bites you but does no damage.
Your crimson imp hits the worker ant.
You hit the worker ant but do no damage.
You tail-slap the worker ant, but do no damage.
The worker ant bites you.
Your crimson imp blinks!
You take 1 damage, and have 14/33 hp.
You hit the worker ant but do no damage.
The worker ant closely misses you. x2
You hit the worker ant but do no damage.
Your crimson imp barely misses the worker ant.
The worker ant bites you.
You are poisoned.
The worker ant poisons you!
You take 2 damage, and have 12/33 hp.
You closely miss the worker ant.
You feel sick. The worker ant barely misses you.
Your crimson imp hits the worker ant but does no damage.
Your crimson imp blinks!
You take 1 damage, and have 11/33 hp.
You hit the worker ant but do no damage.
You feel sick. The worker ant closely misses you.
Your crimson imp hits the worker ant.
The worker ant barely misses you.
You take 1 damage, and have 10/33 hp.
You barely miss the worker ant.
Your crimson imp barely misses the worker ant.
Your crimson imp blinks!
The worker ant bites you but does no damage.
You completely miss the worker ant.
You feel sick.
Your crimson imp blinks!
The worker ant bites you but does no damage.
You take 1 damage, and have 9/33 hp.
You hit the worker ant but do no damage.
The worker ant barely misses you.
Your crimson imp barely misses the worker ant.
The worker ant barely misses you.
You closely miss the worker ant. You tail-slap the worker ant.
Your crimson imp hits the worker ant but does no damage.
The worker ant barely misses you.
You hit the worker ant. You tail-slap the worker ant.
You feel sick.
Your crimson imp barely misses the worker ant.
The worker ant bites you.
* * * LOW HITPOINT WARNING * * *
You are lethally poisoned!
The worker ant poisons you!
Your crimson imp hits the worker ant.
The worker ant dies!
You have reached level 5!
You take 2 damage, and have 7/38 hp.
* * * LOW HITPOINT WARNING * * *
You feel sick.
You see here a worker ant corpse.
You butcher the worker ant corpse.
You see here 2 chunks of flesh {@w0}.
There is a lethal amount of poison in your body!
There is a lethal amount of poison in your body!
Unknown command.
It was a potion of flight.
You feel very buoyant.
You fly up into the air.
* * * LOW HITPOINT WARNING * * *
You feel sick.
You take 1 damage, and have 6/38 hp.
It was a potion of might.
You feel very mighty all of a sudden.
* * * LOW HITPOINT WARNING * * *
You feel sick.
You take 1 damage, and have 5/38 hp.
Unknown command.
Unknown command.
You pace your travel speed to your slowest ally.
Unknown command.
Unknown command.

..# #.# #.# #.##.# ..# #.#
##.###########.##.### ..#
#.# ##..............##>...
..#
#.####.....############..##
..# #.......5...# #..# ..#
######..>..## #..#
..######## ##...## ##..#
.........#####.##########
#...#
########......55@.......#
#.#.#
#######.########.####...#
#######.####.#
#.).....##..#
#......#.....#
#.......##..#
###.###.###.####
#.......##..# .......##
##.# #......)....#
#######.###.##
#.......##.## #..#..#
##.......##.#
#.....#######...........#


You could see 2 friendly crimson imps.

Vanquished Creatures
  4 adders
  5 leopard geckos
  5 orcs
  2 giant cockroaches
  8 goblins
  3 hobgoblins
  9 jackals
  4 kobolds
  A quokka (D:3)
  6 bats
  A frilled lizard (D:1)
  3 rats
51 creatures vanquished.

Vanquished Creatures (collateral kills)
  Jessica (D:3)
  A worker ant (D:3)
  2 gnolls (D:3)
  A worm (D:2)
5 creatures vanquished.

Grand Total: 56 creatures vanquished

Notes
Turn   | Place    | Note
-------+----------+-------------------------------------------
     0 | D:1      | mhoghedin the Draconian Wizard began the quest for the Orb.
     0 | D:1      | Reached XP level 1. HP: 14/14 MP: 4/4
   310 | D:1      | Reached XP level 2. HP: 20/20 MP: 1/6
   451 | D:1      | You fall into a shaft and drop 1 floor!
   459 | D:2      | Learned a level 2 spell: Blink
   462 | D:2      | Learned a level 2 spell: Call Imp
   465 | D:2      | Learned a level 2 spell: Slow
   513 | D:2      | Reached skill level 2 in Conjurations
   675 | D:2      | Reached XP level 3. HP: 22/26 MP: 2/7
  1061 | D:2      | HP: 4/26 [worm (7)]
  1616 | D:3      | Reached skill level 3 in Conjurations
  2169 | D:3      | Reached XP level 4. HP: 33/33 MP: 1/9
  2450 | D:3      | Upgraded the game from 0.24-a0-433-gbe6fa4f6cc to
                  | 0.24-a0-434-gd57e52fea8
  2452 | D:3      | Learned a level 1 spell: Animate Skeleton
  2457 | D:3      | Noticed Jessica
  2476 | D:3      | HP: 7/33 [gnoll/+0 spear (5)]
  2477 | D:3      | Killed Jessica
  2477 | D:3      | Reached skill level 4 in Spellcasting
  2543 | D:3      | HP: 8/33 [jackal (1)]
  2548 | D:3      | HP: 5/33 [jackal (1)]
  2874 | D:3      | Learned a level 3 spell: Regeneration
  3177 | D:3      | HP: 8/33 [poisoned by a worker ant]
  3177 | D:3      | Reached XP level 5. HP: 7/38 MP: 2/11
  3182 | D:3      | Quit the game

Levels and vault maps discovered:
D:1:      minmay_arrival_cross, layout_basic, minmay_heptomino_l4
D:2:      layout_loops_ring
D:3:      layout_loops_ring, first_ration, uniq_jessica
D:4:      layout_loops_ring, lemuel_zombie_altar_yredelemnul,
          minmay_diced_spiral, uniq_ijyb

Skill      XL: |  1  2  3  4 |
---------------+-------------+-----
Conjurations   | 2 3 |  3.2
Spellcasting   | 4 |  4.5
Dodging        | |  1.7
Stealth        | |  1.7
Summonings     | |  1.0
Translocations | |  1.0

Action                   |  1- 3 |  4- 6 || total
-------------------------+-------+-------++-------
Melee: Unarmed           |    10 |       ||    10
       Tailslap          |     3 |     6 ||     9
       Spear             |    38 |    65 ||   103
 Cast: Magic Dart        |    86 |    10 ||    96
       Call Imp          |     2 |     7 ||     9
       Slow              |       |     1 ||     1
Evoke: Wand              |       |     1 ||     1
  Use: Potion            |       |     5 ||     5
       Scroll            |       |     2 ||     2
  Eat: Ration            |     1 |     1 ||     2
       Chunk             |       |     2 ||     2
Armor: Skin              |    12 |    26 ||    38
Dodge: Dodged            |    46 |    78 ||   124

Table legend:
 A = Non-vault XP
 B = Vault XP
 C = Vault XP percentage of total XP
 D = Non-vault monster count
 E = Vault monster count
 F = Vault count percentage of total count
                 A         B        C        D         E       F
            +---------+---------+-------+---------+---------+-------
      Total |     190 |      23 |  10.8 |      52 |       4 |   7.1
            +---------+---------+-------+---------+---------+-------
        D:1 |      12 |       4 |  25.0 |       7 |       3 |  30.0
        D:2 |      39 |       0 |   0.0 |      14 |       0 |   0.0
        D:3 |     123 |      19 |  13.4 |      29 |       1 |   3.3
        D:4 |      16 |       0 |   0.0 |       2 |       0 |   0.0
            +---------+---------+-------+---------+---------+-------

Levels and vault maps discovered:
D:1:      minmay_arrival_cross, layout_basic, minmay_heptomino_l4
D:2:      layout_loops_ring
D:3:      layout_loops_ring, first_ration, uniq_jessica
D:4:      layout_loops_ring, lemuel_zombie_altar_yredelemnul,
          minmay_diced_spiral, uniq_ijyb

Table legend:
 A = Turns spent in this place as a percentage of turns spent in the entire game.
 B = Non-inter-level travel turns spent in this place as a percentage of non-inter-level travel turns spent in the entire game.
 C = Inter-level travel turns spent in this place as a percentage of turns spent in this place.
 D = Turns resting spent in this place as a percentage of non-inter-level travel turns spent in this place.
 E = Turns spent auto-exploring this place as a percentage of non-inter-level travel turns spent in this place.
 F = Non-inter-level travel turns spent in this place divided by the number of levels of this place that you've seen.
                   A       B       C       D       E      F
               +-------+-------+-------+-------+-------+----------------------
         Total | 100.0 | 100.0 |   2.6 |  41.2 |  42.0 | 774.5
       Dungeon | 100.0 | 100.0 |   2.6 |  41.2 |  42.0 | 774.5
               +-------+-------+-------+-------+-------+----------------------

Table legend:
 A = Kills in this place as a percentage of kills in entire the game.
 B = Kills by you in this place as a percentage of kills by you in the entire game.
 C = Kills by friends in this place as a percentage of kills by friends in the entire game.
 D = Other kills in this place as a percentage of other kills in the entire game.
 E = Experience gained in this place as a percentage of experience gained in the entire game.
 F = Experience gained in this place divided by the number of levels of this place that you have seen.
                   A       B       C       D       E      F
               +-------+-------+-------+-------+-------+----------------------
         Total | 100.0 | 100.0 | 100.0 |   N/A | 100.0 |  53.2
       Dungeon | 100.0 | 100.0 | 100.0 |   N/A | 100.0 |  53.2
               +-------+-------+-------+-------+-------+----------------------
